 Dungeon Crawl Stone Soup version 0.32-a0-558-g233958a4c4 (webtiles) character file.

Game seed: 7402665268138364231

94 Fodor the Covered (level 4, -6/38 (40) HPs)
             Began as a Minotaur Fighter on Feb 29, 2024.
             Mangled by Crazy Yiuf
             ... wielding a +4 quarterstaff of chaos
              (13 damage)
             ... on level 2 of the Dungeon.
             The game lasted 00:04:53 (1544 turns).

Fodor the Covered (Minotaur Fighter)                Turns: 1544, Time: 00:04:54

HP:   -6/38 (40)    AC: 10    Str: 22    XL:     4   Next: 38%
MP:   1/3           EV:  8    Int:  5    God:
Gold: 159           SH:  4    Dex: 10    Spells: 3/3 levels left

rFire   . . .        a - +0 war axe
rCold   . . .        c - +0 buckler
rNeg    . . .        b - +0 chain mail
rPois   .            (helmet restricted)
rElec   .            (no cloak)
rCorr   .            (no gloves)
SInv    .            i - +0 pair of boots
Will    .....        (no amulet) Stlth
                     (no ring)
HPRegen 0.26/turn    (no ring)
MPRegen 0.08/turn

%: no passive effects
@: weakened, drained
A: horns 2, retaliatory headbutt
a: no special abilities


You were on level 2 of the Dungeon.
You visited 1 branch of the dungeon, and saw 2 of its levels.

You collected 159 gold pieces.

Inventory:

Hand Weapons
 a - a +0 war axe (weapon)
Missiles
 p - 6 boomerangs (quivered)
Armour
 b - a +0 chain mail (worn)
 c - a +0 buckler (worn)
 i - a +0 pair of boots (worn)
Jewellery
 l - an amulet of reflection
Scrolls
 f - a scroll of vulnerability {unknown}
 h - 3 scrolls of teleportation {unknown}
 j - a scroll of fear {unknown}
 k - a scroll of enchant armour {unknown}
Potions
 d - a potion of might
 e - 2 potions of haste {unknown}
 g - a potion of degeneration {unknown}
 m - a potion of mutation {unknown}
 n - a potion of curing {unknown}
 o - a potion of heal wounds {unknown}


   Skills:
 + Level 4.2 Fighting
 + Level 3.6 Axes
 + Level 0.5 Throwing
 + Level 4.2 Armour
 + Level 1.5 Dodging
 + Level 4.1 Shields


You had 3 spell levels left.
You didn't know any spells.
Your spell library was empty.

Dungeon Overview and Level Annotations

Branches:
Dungeon (2/15)

Altars:

Annotations:
D:2 Crazy Yiuf


Innate Abilities, Weirdness & Mutations

You have a pair of horns on your head.
You reflexively headbutt those who attack you in melee.


Message History

There is a stone staircase leading down here.
Found a hammer.
Found a runed translucent door.
Crazy Yiuf shouts!
Found a stone staircase leading up.
h - 3 scrolls labelled WECRIS ZIOV (gained 1)
You now have 159 gold pieces (gained 13).
Crazy Yiuf shouts!
You open the door.
Crazy Yiuf says, "Snower shrimp unthinkable!"
You block Crazy Yiuf's attack.
There is an open translucent door here.
You closely miss Crazy Yiuf.
Crazy Yiuf screams, "Tonal noodlescoop sing-song!"
Crazy Yiuf hits you with a +4 quarterstaff of chaos!
You feel drained.
You hit Crazy Yiuf. You headbutt Crazy Yiuf.
Crazy Yiuf is heavily wounded.
You block Crazy Yiuf's attack.
Crazy Yiuf hits you with a +4 quarterstaff of chaos!
You barely miss Crazy Yiuf. You headbutt Crazy Yiuf!
Crazy Yiuf is almost dead.
Crazy Yiuf hits you but does no damage.
You completely miss Crazy Yiuf.
Crazy Yiuf is almost dead.
Crazy Yiuf hits you with a +4 quarterstaff of chaos!
* * * LOW HITPOINT WARNING * * *
You feel your attacks grow feeble.
You hit Crazy Yiuf but do no damage.
Crazy Yiuf is almost dead.
Crazy Yiuf hits you with a +4 quarterstaff of chaos.
* * * LOW HITPOINT WARNING * * *
You feel your power leaking away. You block Crazy Yiuf's attack.
You hit Crazy Yiuf.
Crazy Yiuf is almost dead.
Crazy Yiuf barely misses you.
You hit Crazy Yiuf but do no damage. Your headbutt misses Crazy Yiuf.
Crazy Yiuf is almost dead.
Crazy Yiuf hits you with a +4 quarterstaff of chaos!
You die...

#.........#
#.# #....
#.........#
#.# #....
##......###
#.# #....
#.......#
#.# ##....
####.......#
#####
#.#####....[
#.).†......#
#..)#
#..........<
...........#
#...#
#..#####....
...........#
#.g.# #..##
#....
...........#
#@#
#...########
...........#
##.#
#.#.....##
...........#
#.##
#.##.#...#
...........#
##.#
#.##.#...#
...........#
#.##
#.##.#...#
...........#
##.##
#......###
#..........#
#...##
#.##.#...##
####..÷....#
#....#
#.##.###..##
##........#
#....#
#.##÷####...


You could see Crazy Yiuf.

Vanquished Creatures
  An orc priest (D:2)
  2 adders (D:2)
  A ribbon worm (D:2)
  2 orcs (D:2)
  6 endoplasms
  A giant cockroach (D:1)
  2 goblins (D:1)
  2 hobgoblins (D:2)
  4 jackals (D:1)
  2 quokkas (D:2)
  4 ball pythons
  6 bats
  4 frilled lizards
  4 kobolds
  2 rats
43 creatures vanquished.

Notes
Turn   | Place    | Note
-------+----------+-------------------------------------------
     0 | D:1      | Fodor the Minotaur Fighter began the quest for the Orb.
     0 | D:1      | Reached XP level 1. HP: 19/19 MP: 0/0
   206 | D:1      | Found a faded altar of an unknown god.
   210 | D:1      | Reached XP level 2. HP: 27/27 MP: 1/1
   936 | D:2      | Reached XP level 3. HP: 28/33 MP: 2/2
  1164 | D:2      | Reached skill level 1 in Dodging
  1295 | D:2      | Reached XP level 4. HP: 18/40 MP: 3/3
  1444 | D:2      | Found a runed translucent door.
  1445 | D:2      | Noticed Crazy Yiuf
  1544 | D:2      | Mangled by Crazy Yiuf

Illustrated notes

Levels and vault maps discovered:
D:1:      lemuel_arrival_room, layout_basic, shapermc_ecumenical_altar_ellora,
          minmay_split_cup_large
D:2:      layout_rooms, uniq_crazy_yiuf_cottage

Skill      XL: |  1  2  3 |
---------------+----------+-----
Fighting       | 4 |  4.2
Shields        | 4 |  4.1
Axes           | 3 |  3.6
Armour         | 4 |  4.2
Dodging        | 1 |  1.5
Throwing       | |  0.5

Action                     |  1- 3 |  4- 6 || total
---------------------------+-------+-------++-------
  Melee: War axe           |    71 |     7 ||    78
         Headbutt          |     7 |     2 ||     9
  Throw: Boomerang         |    21 |       ||    21
 Armour: Scale mail        |    40 |       ||    40
         Chain mail        |    11 |     6 ||    17
  Dodge: Dodged            |    26 |     1 ||    27
  Block: Buckler           |    21 |     3 ||    24

Table legend: (Time is in decaauts)
 A = Elapsed time spent in this place.
 B = Non-inter-level travel time spent in this place.
 C = Inter-level travel time spent in this place.
 D = Time resting spent in this place.
 E = Time spent auto-exploring this place.
 F = Levels seen in this place.
 G = Mean time per level.
                   A        B        C        D        E       F      G
               +--------+--------+--------+--------+--------+-----+--------+
         Total |   1580 |   1536 |     44 |     80 |   1018 |   2 |  790.0 |
       Dungeon |   1580 |   1536 |     44 |     80 |   1018 |   2 |  790.0 |
               +--------+--------+--------+--------+--------+-----+--------+

Top non-repeatable levels by time:
     D:1: 894 daAuts
     D:2: 686 daAuts
